 Dungeon Crawl Stone Soup version 0.20-a0-854-g0cc194a (webtiles) character file.

152 Alarkh the Skirmisher (level 5, 41/41 HPs)
             Began as a Demonspawn Fighter on Mar 11, 2017.
             Quit the game on level 3 of the Dungeon.
             The game lasted 00:01:45 (1203 turns).

Alarkh the Skirmisher (Demonspawn Fighter)          Turns: 1203, Time: 00:01:46

Health: 41/41      AC: 10    Str: 16    XL:     5   Next: 11%
Magic:  5/5        EV:  7    Int: 10    God:
Gold:   59         SH:  9    Dex: 13    Spells: 4/4 levels left

rFire    + + .     SeeInvis .   a - +0 long sword
rCold    . . .     Gourm    .   b - +0 scale mail
rNeg     . . .     Faith    .   c - +0 shield
rPois    .         Spirit   .   (helmet restricted)
rElec    .         Reflect  .   (no cloak)
rCorr    .         Harm     .   (no gloves)
MR       .....                  x - +0 pair of boots
Stlth    ..........             r - amulet of regeneration
Regen    0.6/turn               (no ring)
MPRegen  0.1/turn               h - ring of protection from fire

@: no status effects
A: antennae 1, yellow scales 2, fire resistance 1
a: no special abilities


You were on level 3 of the Dungeon.
You were not hungry.

You visited 1 branch of the dungeon, and saw 3 of its levels.

You collected 59 gold pieces.

Inventory:

Hand Weapons
 a - a +0 long sword (weapon)
Armour
 b - a +0 scale mail (worn)
 c - a +0 shield (worn)
 x - a +0 pair of boots (worn)
Jewellery
 h - a ring of protection from fire (left hand)
 l - an uncursed amulet of guardian spirit
 m - a +3 amulet of reflection
 r - an amulet of regeneration (around neck)
Scrolls
 e - 2 scrolls of identify
 j - a scroll of immolation {unknown}
 o - a scroll of random uselessness {unknown}
 p - a scroll of amnesia {unknown}
 s - a scroll of enchant weapon {unknown}
 t - a scroll of recharging {unknown}
 u - a scroll of enchant armour {unknown}
Potions
 d - a potion of might
 i - 2 potions of resistance
 k - 2 potions of flight {unknown}
 n - 3 potions of curing
 v - a potion of lignification
 w - a potion of invisibility {unknown}
 z - a potion of berserk rage {unknown}
Books
 q - a book of Cantrips

   Spells                             Type                      Level
   a - Confusing Touch                Hexes                        1
   b - Animate Skeleton               Necromancy                   1
   c - Summon Small Mammal            Summoning                    1
   d - Apportation                    Translocation                1
Comestibles
 f - 2 bread rations
 g - 3 chunks of flesh


   Skills:
 + Level 3.5 Fighting
 * Level 3.0 Long Blades
 + Level 3.1 Armour
 + Level 1.5 Dodging
 + Level 3.4 Shields


You had 4 spell levels left.
You didn't know any spells.

Dungeon Overview and Level Annotations

Branches:
Dungeon (3/15)

Altars:
Cheibriados
Dithmenos
Xom


Innate Abilities, Weirdness & Mutations

You have a pair of small antennae on your head.
You are mostly covered in yellow scales. (AC +3)
Your flesh is heat resistant. (rF+)


Message History

The goblin hits you but does no damage.
You hit the goblin.
You kill the goblin!
No target in view!
No target in view!
No target in view!
No target in view!
No target in view!
No target in view!
No target in view!
No target in view!
No target in view!
No target in view!
No target in view!
No target in view!
No target in view!
No target in view!
Are you sure you want to abandon this character and quit the game? (Confirm with "yes".)
Okay, then.
Are you sure you want to abandon this character and quit the game? (Confirm with "yes".)

#.# #.# #.#
#.# ### #<#
..# #.# #.# #
#.# #.#.#
#.#######)#.#
#......(@)).#
#########†#.#
#)# # #.# ..#
#(# ... #..
#.#


There were no monsters in sight!

Vanquished Creatures
  Natasha (thrice) (D:2)
  Robin (D:3)
  An adder (D:2)
  2 oozes
  A dart slug (D:1)
  A leopard gecko (D:2)
  A ball python (D:2)
  3 giant cockroaches
  16 goblins
  4 hobgoblins
  4 jackals (D:3)
  3 kobolds
  A bat (D:1)
  A frilled lizard (D:3)
  4 rats
46 creatures vanquished.

Notes
Turn   | Place    | Note
-------+----------+-------------------------------------------
     0 | D:1      | Alarkh the Demonspawn Fighter began the quest for the Orb.
     0 | D:1      | Reached XP level 1. HP: 18/18 MP: 1/1
    41 | D:1      | Gained mutation: You are partially covered in yellow scales. (AC +2) [demonic ancestry]
    41 | D:1      | Reached XP level 2. HP: 20/24 MP: 2/2
   627 | D:2      | Found a shadowy altar of Dithmenos.
   721 | D:2      | Found a snail-covered altar of Cheibriados.
   794 | D:2      | Gained mutation: You are mostly covered in yellow scales. (AC +3) [demonic ancestry]
   794 | D:2      | Reached XP level 3. HP: 29/29 MP: 3/3
   822 | D:2      | Found a shimmering altar of Xom.
   996 | D:2      | Noticed Natasha
  1008 | D:2      | Killed Natasha
  1008 | D:2      | Reached skill level 1 in Dodging
  1019 | D:2      | Gained mutation: Your flesh is heat resistant. (rF+) [demonic ancestry]
  1019 | D:2      | Reached XP level 4. HP: 31/35 MP: 4/4
  1057 | D:2      | Found a shimmering altar of Xom.
  1075 | D:2      | Noticed Natasha
  1086 | D:2      | Killed Natasha
  1106 | D:2      | Noticed Natasha
  1117 | D:2      | Killed Natasha
  1170 | D:3      | Noticed Robin
  1184 | D:3      | Killed Robin
  1184 | D:3      | Gained mutation: You have a pair of small antennae on your head. [demonic ancestry]
  1184 | D:3      | Reached XP level 5. HP: 37/41 MP: 5/5
  1203 | D:3      | Quit the game

Vault maps used:
D:1:      dpeg_arrival_another_circle
D:2:      lemuel_doored_altar, grunt_dithmenos_smoke_and_mirrors, tgw_xom,
          first_bread, uniq_natasha
D:3:      overflow_temple_1_default, uniq_robin, uniq_sigmund

Skill      XL: |  1  2  3  4 |
---------------+-------------+-----
Long Blades    | 2 3 |  3.0
Shields        | 3 |  3.4
Armour         | 3 |  3.1
Dodging        | 1 |  1.5
Fighting       | |  3.5

Action                   |  1- 3 |  4- 6 || total
-------------------------+-------+-------++-------
Melee: Long sword        |    84 |    66 ||   150
  Use: Scroll            |     2 |       ||     2
  Eat: Chunk             |       |     1 ||     1
Armor: Scale mail        |    54 |    37 ||    91
Dodge: Dodged            |    32 |    29 ||    61
Block: Shield            |    44 |    40 ||    84
       Rpst.: Long sword |    10 |     8 ||    18
